 Dungeon Crawl Stone Soup version 0.27.0-1-g7a089689b8 (webtiles) character file.

Game seed: 5579748727307432575

1561960 DocSulfur the Imperceptible (level 27, 134/134 (140) HPs)
             Began as a Kobold Delver on Aug 4, 2021.
             Was the Champion of Dithmenos.
             Escaped with the Orb
             ... and 3 runes on Aug 5, 2021!
             The game lasted 07:53:15 (96416 turns).

DocSulfur the Imperceptible (Kobold Delver)        Turns: 96416, Time: 07:53:16

HP:   134/134 (140) AC: 18    Str:  4 (5)  XL:     27
MP:   45/45         EV: 32    Int: 15      God:    Dithmenos [******]
Gold: 7754          SH: 11    Dex: 25      Spells: 3/54 levels left

rFire    + + +     SeeInvis +   T - +5 rapier "Liho" {vorpal, rElec}
rCold    + . .     Faith    .   P - +3 buckler {rF+}
rNeg     . . .     Spirit   .   O - +5 robe of Night {Dark Will+ SInv}
rPois    +         Reflect  .   B - +2 hat {Will+}
rElec    +         Harm     .   h - +2 cloak {rCorr}
rCorr    +         Rampage  +   H - +0 pair of gloves of Polish {rF+ MP+9 SInv}
Will     ++++.     Rnd*Rage +   G - +2 pair of boots of Amoon {Rampage}
Stlth    +++++++...             A - amulet of Zaxet {Fly rF+ Regen+ Str-5}
HPRegen  1.32/turn              C - ring of protection from cold
MPRegen  0.29/turn              v - +4 ring of slaying

@: flying, slightly contaminated, wreathed by umbra, studying 2 skills, lightly
drained
A: small, no large weapons, nightstalker 3, antennae 1, iridescent scales 1,
berserk 1, deformed body, deterioration 2, frail 2, low mp 1, poison resistance,
shaggy fur 1, no potion heal 1, subdued magic 1, MP-powered wands
0: Orb of Zot
}: 3/15 runes: serpentine, barnacled, silver
a: Renounce Religion, Shadow Step, Shadow Form


You escaped.
You worshipped Dithmenos.
Dithmenos was exalted by your worship.
You visited 12 branches of the dungeon, and saw 54 of its levels.
You also visited: Trove and Gauntlet.

You collected 11624 gold pieces.
You spent 3870 gold pieces at shops.

Inventory:

Hand Weapons
 d - a +9 quick blade of flaming
 z - a +1 vorpal hand crossbow
 T - the +5 rapier "Liho" (weapon) {vorpal, rElec}
   (You found it on level 5 of the Vaults)

   It inflicts extra damage upon your enemies.
   rElec:     It insulates you from electricity.
Missiles
 a - 7 curare-tipped darts
 e - 12 atropa-tipped darts (quivered)
 w - 7 throwing nets
 J - 13 silver boomerangs
Armour
 h - a +2 cloak of preservation (worn)
 B - a +2 hat of willpower (worn)
 G - the +2 pair of boots of Amoon (worn) {Rampage}
   (You found it in a treasure trove)

   Rampage:   It bestows one free step when moving towards enemies.
 H - the +0 pair of gloves of Polish (worn) {rF+ MP+9 SInv}
   (You found it in a treasure trove)

   rF:        It protects you from fire.
   MP:        It affects your magic capacity (+9).
   SInv:      It lets you see invisible.
 O - the +5 robe of Night (worn) {Dark Will+ SInv}
   (You bought it in a shop on level 1 of the Orcish Mines)

   It shrouds the wearer in darkness, reducing the range at which they can see
   and be seen by others.
   SInv:      It lets you see invisible.
   Will:      It increases your willpower.
 P - a +3 buckler of fire resistance (worn)
 Q - the +2 cloak of the Thief {*Fog Slay-2 SInv Stlth+}
   (You found it in a treasure trove)

   It may release a thick cloud of smoke when the wearer is hurt.
   Slay:      It affects your accuracy & damage with ranged weapons and melee
   (-2).
   SInv:      It lets you see invisible.
   Stlth:     It makes you more stealthy.
 X - the +4 Cigotuvi's embrace {rMiasma Drain rN+}
   (You took it off a vault guard on level 5 of the Vaults)

   It gathers nearby corpses to temporarily increase the armour it provides.
   It protects you from foul pestilence.
   rN:        It protects you from negative energy.
   Drain:     It drains your maximum health when unequipped.
Jewellery
 i - the ring of Qosuiv {rPois Dex+3 SInv}
   (You found it on level 5 of the Depths)

   [ring of see invisible]

   Dex:       It affects your dexterity (+3).
   rPois:     It protects you from poison.
   SInv:      It lets you see invisible.
 o - a ring of positive energy
 v - a +4 ring of slaying (right hand)
 A - the amulet of Zaxet (around neck) {Fly rF+ Regen+ Str-5}
   (You found it on level 3 of the Elven Halls)

   [amulet of regeneration]

   Str:       It affects your strength (-5).
   rF:        It protects you from fire.
   Fly:       It grants you flight.
   Regen:     It increases your rate of health regeneration.
 C - a ring of protection from cold (left hand)
 L - the macabre finger necklace {rN+}
   (You took it off a vault guard on level 5 of the Vaults)

   [amulet of nothing]

   It enables you to equip an extra ring.
   rN:        It protects you from negative energy.
 M - an amulet of faith
Wands
 g - a wand of digging (11)
 m - a wand of acid (20)
 q - a wand of iceblast (54)
 u - a wand of paralysis (41)
Scrolls
 b - 2 scrolls of summoning
 c - 6 scrolls of fog
 j - a scroll of silence
 k - 11 scrolls of immolation
 s - 17 scrolls of teleportation
 x - 6 scrolls of vulnerability
 D - a scroll of holy word
 U - 3 scrolls of blinking
 W - 3 scrolls of magic mapping
 Z - 5 scrolls of fear
Potions
 f - 2 potions of haste
 l - 7 potions of heal wounds
 n - 4 potions of brilliance
 p - 9 potions of magic
 r - 6 potions of ambrosia
 t - 22 potions of curing
 F - 7 potions of might
 I - 5 potions of berserk rage
 K - 2 potions of cancellation
 R - 7 potions of lignification
 V - 11 potions of attraction
 Y - 2 potions of resistance
Miscellaneous
 y - a phial of floods
 E - a phantom mirror
 N - a box of beasts
 S - a condenser vane


   Skills:
 * Level 18.7 Fighting
 - Level 25.2 Short Blades
 - Level 20.0 Throwing
 - Level 17.2 Dodging
 - Level 26.0 Stealth
 - Level 5.6 Shields
 - Level 14.0 Spellcasting
 - Level 11.0 Conjurations
 - Level 16.0 Hexes
 - Level 10.0 Necromancy
 - Level 5.0 Translocations
 - Level 14.0 Transmutations
 - Level 6.0 Air Magic
 - Level 14.0 Earth Magic
 - Level 14.0 Invocations
 - Level 9.0 Evocations


You had 3 spell levels left.
You knew the following spells:

 Your Spells              Type           Power      Damage    Failure   Level
a - Confusing Touch       Hex            45%        N/A       0%          3
b - Borgnjor's Vile Clut  Necr/Erth      17%        N/A       1%          5
c - Invisibility          Hex            22%        N/A       1%          6
d - Dispel Undead         Necr           31%        3d14      1%          4
e - Tukima's Dance        Hex            45%        N/A       0%          3
f - Irradiate             Conj/Tmut      18%        3d19      1%          5
g - Statue Form           Tmut/Erth      26%        N/A       2%          6
h - Yara's Violent Unrav  Hex/Tmut       21%        3d10      1%          5
i - Dazzling Flash        Conj/Hex       78%        N/A       1%          3
j - Slow                  Hex            45%        N/A       0%          2
k - Passwall              Tmut/Erth      33%        N/A       0%          2
l - Blink                 Tloc           N/A        N/A       1%          2
m - Silence               Hex/Air        16%        N/A       1%          5

Your spell library contained the following spells:

 Spells                   Type           Power      Damage    Failure   Level
 Corona                   Hex            50%        N/A       0%          1
 Sandblast                Erth           80%        2d17      0%          1
 Animate Skeleton         Necr           62%        N/A       1%          1
 Apportation              Tloc           38%        N/A       1%          1
 Foxfire                  Conj/Fire      80%        2x1d8     1%          1
 Magic Dart               Conj           100%       1d8       1%          1
 Pain                     Necr           100%       1d9       1%          1
 Shock                    Conj/Air       100%       1d9       1%          1
 Sting                    Tmut/Pois      96%        1d7       1%          1
 Corpse Rot               Necr/Air       N/A        N/A       1%          2
 Ensorcelled Hibernation  Hex/Ice        52%        N/A       1%          2
 Poisonous Vapours        Pois/Air       30%        N/A       1%          2
 Searing Ray              Conj           66%        3d5       1%          2
 Static Discharge         Conj/Air       27%        N/A       1%          2
 Sublimation of Blood     Necr           15%        N/A       1%          2
 Conjure Flame            Conj/Fire      20%        6-21      1%          3
 Gell's Gravitas          Tloc           9%         N/A       1%          3
 Inner Flame              Hex/Fire       26%        N/A       1%          3
 Lesser Beckoning         Tloc           9%         N/A       1%          3
 Stone Arrow              Conj/Erth      72%        3d11      1%          3
 Summon Guardian Golem    Hex/Summ       26%        N/A       1%          3
 Swiftness                Air            21%        N/A       1%          3
 Teleport Other           Tloc           19%        N/A       1%          3
 Vampiric Draining        Necr           15%        2d8       1%          3
 Freeze                   Ice            32%        1d5       4%          1
 Summon Small Mammal      Summ           32%        N/A       4%          1
 Call Canine Familiar     Summ           8%         N/A       16%         3
 Frozen Ramparts          Ice            16%        1d3       16%         3
 Ozocubu's Armour         Ice            8%         N/A       16%         3
 Animate Dead             Necr           15%        N/A       1%          4
 Cause Fear               Hex            22%        N/A       1%          4
 Fulminant Prism          Conj/Hex       19%        3d11      1%          4
 Iskenderun's Mystic Bla  Conj/Tloc      26%        2d7       1%          4
 Leda's Liquefaction      Hex/Erth       21%        N/A       1%          4
 Petrify                  Tmut/Erth      40%        N/A       1%          4
 Blade Hands              Tmut           20%        N/A       1%          5
 Iskenderun's Battlesphe  Conj           33%        2d9       1%          5
 Lee's Rapid Deconstruct  Erth           20%        3d13*     1%          5
 Ice Form                 Ice/Tmut       24%        N/A       2%          4
 Airstrike                Air            10%        N/A       4%          4
 Bolt of Magma            Conj/Fire/Erth 13%        4d8       4%          5
 Iron Shot                Conj/Erth      18%        9d4       4%          6
 Hailstorm                Conj/Ice       20%        3d6       5%          4
 Sticky Flame             Conj/Fire      20%        2d4       5%          4
 Summon Mana Viper        Hex/Summ       26%        N/A       5%          5
 Passage of Golubria      Tloc           N/A        N/A       7%          4
 Alistair's Intoxication  Tmut/Pois      16%        N/A       8%          5
 Death Channel            Necr           15%        N/A       13%         6
 Dragon Form              Tmut           20%        N/A       14%         7
 Fireball                 Conj/Fire      10%        3d6       16%         5
 Freezing Cloud           Conj/Ice/Air   10%        6-21      16%         5
 Manifold Assault         Tloc           19%        N/A       19%         5
 Conjure Ball Lightning   Conj/Air       13%        3x3d6     26%         6
 Eringya's Noxious Bog    Tmut/Pois      12%        N/A       45%         6
 Orb of Destruction       Conj           16%        9d8       47%         7
 Discord                  Hex            22%        N/A       47%         8
 Olgreb's Toxic Radiance  Pois           8%         N/A       50%         4
 Summon Ice Beast         Ice/Summ       8%         N/A       50%         4
 Starburst                Conj/Fire      10%        8x6d5     67%         6
 Dispersal                Tloc           9%         N/A       73%         6
 Lehudib's Crystal Spear  Conj/Erth      18%        10d5      92%         8
 Spellforged Servitor     Conj/Summ      10%        N/A       99%         7
 Shadow Creatures         Summ           N/A        N/A       100%        6
 Haunt                    Necr/Summ      9%         N/A       100%        7
 Malign Gateway           Summ/Tloc      6%         N/A       100%        7
 Monstrous Menagerie      Summ           4%         N/A       100%        7
 Ozocubu's Refrigeration  Ice            4%         4d5       100%        7
 Ignition                 Fire           4%         3d4       100%        8
 Summon Horrible Things   Summ           4%         N/A       100%        8
 Chain Lightning          Conj/Air       13%        3d18      100%        9
 Dragon's Call            Summ           4%         N/A       100%        9
 Fire Storm               Conj/Fire      10%        8d3       100%        9
 Shatter                  Erth           20%        3d18*     100%        9


Dungeon Overview and Level Annotations

Branches:
Dungeon (15/15)            Temple (1/1) D:4            Lair (6/6) D:8
 Shoals (4/4) Lair:3        Snake (4/4) Lair:3        Slime (0/5) Lair:5
    Orc (2/2) D:12            Elf (3/3) Orc:2        Vaults (5/5) D:13
  Crypt (3/3) Vaults:3       Tomb (1/3) Crypt:3      Depths (5/5) D:15
    Zot (5/5) Depths:5    Gauntlet (visited)

Altars:
Ashenzari
Cheibriados
Dithmenos
Elyvilon
Fedhas
Gozag
Hepliaklqana
Kikubaaqudgha
Makhleb
Nemelex Xobeh
Okawaru
Qazlal
Ru
Sif Muna
Trog
Uskayaw
Vehumet
Wu Jian
Xom
Yredelemnul
Zin
The Shining One
Beogh
Jiyva
Lugonu

Shops:
D:5 :   D:15 (   Orc:1 [   Orc:2 (*!=   Elf:3 [   Shoals:1 (   Snake:3 !=*

Portals:
Hell: Depths:1 Depths:2 Depths:3 Depths:4 Depths:5
Abyss: Shoals:4 Depths:1 Depths:3 Depths:4 Depths:5
Pandemonium: Depths:2 Depths:3
Ziggurat: Depths:1

Annotations:
Lair:2 exclusion: 2 oklob plants
Zot:2 exclusions: 2 downstairs and upstairs


Innate Abilities, Weirdness & Mutations

You are small and have problems with some larger weapons.
You are completely attuned to the shadows.
You have a pair of small antennae on your head.
You are partially covered in iridescent scales. (AC +2)
You tend to lose your temper in combat.
Armour fits poorly on your strangely shaped body.
Your body often deteriorates upon taking damage.
You are very frail. (-20% HP)
Your magical capacity is low. (-10% MP)
Your system is resistant to poisons. (rPois)
You are covered in fur. (AC +1)
Potions are less effective at restoring your health.
Your spells are a little easier to cast, but a little less powerful.
You expend magic power (3 MP) to strengthen your wands.


Message History

There is a stone staircase leading up here.
You fly upwards.
There is a stone staircase leading down here.
There is an open door here.
There is a stone staircase leading up here.
You fly upwards.
There is a stone staircase leading down here.
There is a stone staircase leading up here.
You fly upwards.
There is a stone staircase leading down here.
There is a stone staircase leading up here.
You fly upwards.
There is a stone staircase leading down here.
A red devil and a sun demon come into view.
Casting: Borgnjor's Vile Clutch (mildly dangerous; 1% risk of failure)
Confirm with . or Enter, or press ? or * to list all spells.
You fade into invisibility!
You are very lightly contaminated with residual magic.
A balrug comes into view.
It is wielding a +0 demon whip of venom.
A red devil comes into view. It is wielding a +0 trident.
A sun demon comes into view.
The balrug gestures at you. Something smites you! The sun demon hits you.
You are engulfed in flames.
You resist. The balrug gestures at you. Something smites you!
You see here a +0 club.
The sun demon completely misses you.
You feel yourself speed up. The sun demon misses you.
A lorocyproca comes into view.
There is an open door here.
You are lightly contaminated with residual magic.
You flicker for a moment.
There is an open door here.
You start waiting.
You flicker back into view.
Your extra speed is starting to run out.
There is a staircase leading out of the dungeon here.
You feel yourself slow down.
You have escaped!

# #.# #.# #.........#
#.#.# ###.####.#
#########.# #.#.#
.##....#.### #.# #.#.###
###....#...#########.###
#.....#
.......#.#.............#
#######
####...#.###.........###
####...#.# #.........#
^........# #...8.8...#
.........# ####.@.####
.........### #####
.........'.#
.........### ##########


There were no monsters in sight!

Vanquished Creatures
  6 dread liches
  5 orbs of fire
  7 ancient liches
  Khufu (Crypt:2)
  Mennas (Crypt:3)
  3 juggernauts
  A royal mummy (Crypt:2)
  4 Killer Klowns
  Vashnia (Snake:2)
  Bai Suzhen (Shoals:3)
  Saint Roka (Crypt:3)
  Xtahua (Crypt:2)
  A caustic shrike (Depths:4)
  15 golden dragons
  A bone dragon (Depths:5)
  the Enchantress (Depths:5)
  2 electric golems (Zot:5)
  17 tentacled monstrosities
  Jorgrun (Elf:2)
  28 Orb Guardians
  5 liches
  Rupert (D:15)
  8 titans
  3 deep elf blademasters
  10 quicksilver dragons
  Asterion (Snake:2)
  7 acid blobs (Zot:4)
  6 death cobs
  The ghost of Mandevil the Deadly Accurate, an adept TrAM of Gozag (D:13)
  Agnes (Elf:2)
  2 deep elf master archers (Elf:3)
  6 sphinxes
  Polyphemus (Shoals:2)
  An ancient champion (Crypt:2)
  10 shadow dragons
  Ilsuiw (Shoals:3)
  5 tengu reavers
  Donald (Vaults:2)
  4 nagarajas
  15 draconian monks
  Roxanne (Elf:1)
  A revenant (Crypt:1)
  7 storm dragons
  8 draconian knights
  5 frost giants
  4 iron dragons
  5 deep elf sorcerers
  3 ghost moths
  Aizul (Snake:4)
  7 fire giants
  4 deep elf elementalists (Elf:3)
  7 draconian scorchers
  3 orc warlords
  A balrug (Depths:5)
  3 ghouls
  11 draconian shifters
  12 vault wardens
  5 draconian annihilators
  16 ironbound preservers
  Louise (Depths:1)
  3 curse skulls
  A juggernaut zombie (Depths:3)
  29 very ugly things
  A reaper (Depths:4)
  7 spriggan defenders
  27 stone giants
  4 war gargoyles
  9 draconian stormcallers
  Azrael (D:12)
  10 vampire knights
  7 black draconians
  6 deep elf demonologists
  15 deep elf annihilators
  2 dire elephants (Vaults:1)
  18 yellow draconians
  4 entropy weavers
  13 green draconians
  3 eidola
  8 purple draconians
  12 spark wasps
  16 red draconians
  6 white draconians
  2 minotaurs
  Snorg (D:13)
  8 deep elf death magi
  8 ettins
  11 jiangshi
  8 merfolk javelineers
  7 great orbs of eyes
  11 fire dragons
  A crystal guardian (Vaults:4)
  2 deep elf high priests (Elf:3)
  8 merfolk impalers
  Josephine (Lair:4)
  A quicksilver dragon zombie (Crypt:2)
  The ghost of kthxbai the Grappler, a journeyman TrMo of Hepliaklqana (D:10)
  3 ironbound thunderhulks
  13 naga warriors
  A quicksilver dragon skeleton (Crypt:3)
  27 vault guards
  11 yaktaur captains
  Fannar (D:12)
  3 rakshasas
  A peacekeeper (Vaults:4)
  4 salamander tyrants (Snake:4)
  5 boulder beetles
  5 ice dragons
  3 catoblepae
  7 spriggan air magi
  6 hydras
  3 merfolk avatars (Shoals:4)
  A death knight (D:12)
  5 merfolk aquamancers
  4 two-headed ogres
  11 centaur warriors
  27 dancing weapons
  9 ironbound frosthearts
  8 anacondas
  6 satyrs
  An ogre mage (Vaults:5)
  9 vampire magi
  4 hell hogs
  14 deep troll shamans
  4 orc high priests
  11 tengu warriors
  11 deep troll earth magi
  Urug (Lair:2)
  8 death yaks
  2 ironbound beastmasters (Vaults:1)
  8 spriggan berserkers
  12 shock serpents
  A thrashing horror (Shoals:4)
  2 soul eaters
  23 hell knights
  A sun demon (Depths:5)
  A wretched star (Shoals:4)
  6 spriggans
  16 naga sharpshooters
  7 skeletal warriors
  24 deep elf knights
  A death drake (Depths:4)
  A storm dragon skeleton (Crypt:2)
  12 iron trolls
  2 goliath frogs (Lair:6)
  7 salamander mystics
  A ghost moth zombie (Crypt:3)
  An anaconda zombie (Crypt:1)
  9 flayed ghosts
  12 sea snakes
  2 glowing orange brains (Vaults:4)
  An anaconda skeleton (Crypt:3)
  A death drake (shapeshifter) (Depths:2)
  A sea snake (shapeshifter) (D:13)
  16 wizards
  A kraken simulacrum (Shoals:4)
  62 deep trolls
  An obsidian statue (D:13)
  An orange crystal statue (Zot:5)
  2 lindwurms (Vaults:1)
  6 naga ritualists
  A wolf spider zombie (Crypt:3)
  15 deep elf archers
  41 deep elf zephyrmancers
  12 necromancers
  7 orc knights
  5 harpies (Shoals:3)
  2 oklob plants (Zot:4)
  35 deep elf pyromancers
  A goliath frog zombie (Crypt:2)
  16 ironbound convokers
  2 shadow dragon skeletons
  7 orc sorcerers
  An iron dragon zombie (Crypt:1)
  17 phantasmal warriors
  A harpy (shapeshifter) (Elf:3)
  3 cyclopes
  A tengu skeleton (Depths:3)
  A frost giant zombie (Crypt:3)
  12 mana vipers
  11 fauns
  13 manticores
  21 moths of wrath
  11 salamanders
  58 ugly things
  17 merfolk sirens
  4 elephants
  A fire giant skeleton (Depths:3)
  6 guardian serpents
  2 guardian serpents (shapeshifter)
  4 smoke demons
  13 vault sentinels
  28 black mambas
  A stone giant skeleton (Vaults:3)
  10 naga magi
  A frost giant skeleton (Crypt:1)
  4 water nymphs
  An apocalypse crab (Shoals:4)
  11 gargoyles
  An efreet (D:13)
  A yaktaur zombie (Vaults:3)
  18 cane toads
  3 unseen horrors
  Psyche (D:10)
  2 kobold demonologists
  A cane toad (shapeshifter) (D:13)
  35 yaktaurs
  8 freezing wraiths
  7 tengu conjurers
  5 komodo dragons
  An ancient zyme (Shoals:4)
  An ice devil (Depths:5)
  4 red devils (Crypt:3)
  2 polar bears (Lair:6)
  A jumping spider (Vaults:3)
  A jumping spider (shapeshifter) (D:13)
  41 merfolk
  3 meliai (D:15)
  5 trolls
  A hydra zombie (Crypt:1)
  2 tyrant leeches (Lair:6)
  28 slime creatures
  A tengu simulacrum (Vaults:3)
  A yaktaur skeleton (Vaults:3)
  A human skeleton (Vaults:3)
  3 wind drakes
  5 hornets
  A death drake skeleton (Crypt:1)
  An ettin zombie (Depths:1)
  2 slime creatures (shapeshifter)
  17 blink frogs
  10 snapping turtles
  A sphinx simulacrum (Depths:1)
  A satyr skeleton (Crypt:2)
  2 frost giant simulacra
  10 redbacks
  3 flying skulls (Crypt:1)
  6 shadows (Crypt:3)
  A centaur simulacrum (D:14)
  A ynoxinul (D:9)
  3 air elementals
  A wind drake zombie (Crypt:1)
  An ettin skeleton (Crypt:3)
  38 yaks
  6 vampires (Crypt:3)
  The ghost of Feb132020 the Sneak, an amateur SpEn (D:5)
  9 water elementals
  6 basilisks
  2 chaos spawn (Depths:3)
  5 wyverns
  20 wraiths
  6 fire elementals
  A steam dragon (D:9)
  3 wargs
  9 vampire mosquitoes
  36 nagas
  2 acid dragons
  19 water moccasins
  4 hell hounds
  A gelid demonspawn skeleton (Crypt:1)
  4 large abominations
  8 small abominations (Depths:3)
  A snapping turtle zombie (Shoals:4)
  2 sky beasts (D:7)
  A hornet zombie (D:9)
  41 orc warriors
  2 ice beasts
  An ice dragon simulacrum (Depths:1)
  5 black bears
  3 necrophages
  8 ogres
  15 wolves
  A fire dragon simulacrum (Depths:1)
  23 centaurs
  A dream sheep skeleton (Crypt:1)
  3 kobold brigands
  2 elf zombies (Elf:3)
  4 earth elementals
  19 bullfrogs
  An elf skeleton (Crypt:1)
  2 gnoll sergeants
  9 scorpions
  A salamander skeleton (Crypt:2)
  A wyvern skeleton (D:6)
  A raiju zombie (Crypt:1)
  A snapping turtle simulacrum (Crypt:1)
  5 wights
  6 howler monkeys
  4 electric eels
  2 centaur zombies
  A hound (D:4)
  4 bullfrog zombies
  24 orc priests
  Crazy Yiuf (D:3)
  2 centaur skeletons
  27 jellies (Zot:4)
  A human zombie (Crypt:3)
  3 bullfrog skeletons
  Ijyb (D:3)
  An iguana (shapeshifter) (Vaults:5)
  36 orc wizards
  An iguana (D:2)
  2 hound zombies
  2 hound skeletons
  2 mummies (Crypt:2)
  3 howler monkey zombies
  Robin (D:3)
  5 adders
  10 gnolls
  3 white imps (Lair:4)
  2 ufetubi (D:4)
  4 adder skeletons
  2 worms
  2 dart slugs (D:2)
  80 orcs
  12 bats
  A bat skeleton (D:2)
  5 endoplasms
  5 giant cockroaches
  14 goblins
  8 hobgoblins
  7 jackals
  16 kobolds
  A quokka (D:4)
  5 ball pythons
  7 frilled lizards
  A frilled lizard skeleton (Crypt:1)
  A jackal skeleton (D:4)
  5 rats
  A butterfly (Lair:5)
2329 creatures vanquished.

Vanquished Creatures (collateral kills)
  A vault warden (Vaults:4)
  A naga warrior (Snake:4)
  5 vault guards
  An ogre mage (Vaults:5)
  A salamander (Snake:4)
  A black mamba (Snake:3)
  A naga mage (Snake:3)
  A yaktaur (Vaults:5)
  4 nagas
  A gnoll sergeant (D:13)
17 creatures vanquished.

Vanquished Creatures (others)
  An ettin (Depths:4)
  A yaktaur captain (Vaults:4)
  A harpy (Shoals:3)
  A yaktaur (Vaults:3)
  A merfolk (Shoals:2)
  12 dancing weapons
  2 centaurs
  An orc (D:7)
  A kobold (D:12)
  2 bushes
  56 fungi
  269 plants
  6 tentacles (Shoals:4)
  4 withered plants (Crypt:3)
358 creatures vanquished.

Grand Total: 2704 creatures vanquished

Notes
Turn   | Place    | Note
-------+----------+-------------------------------------------
     0 | D:5      | DocSulfur the Kobold Delver began the quest for the Orb.
     0 | D:5      | Reached XP level 1. HP: 14/14 MP: 1/1
    65 | D:5      | Identified the +5 leather armour of Terror {rCorr}
   225 | D:4      | Found a staircase to the Ecumenical Temple.
   243 | D:4      | Reached XP level 2. HP: 14/19 MP: 2/2
   276 | Temple   | Entered the Ecumenical Temple
   383 | D:4      | Noticed a black bear
   525 | D:3      | Reached skill level 7 in Stealth
   781 | D:2      | Noticed a scorpion
   842 | D:3      | Reached XP level 3. HP: 8/23 MP: 3/3
  2021 | D:1      | Reached XP level 4. HP: 24/28 MP: 4/4
  2703 | D:2      | Reached skill level 8 in Stealth
  2793 | D:2      | Reached XP level 5. HP: 32/32 MP: 5/5
  3133 | D:2      | Reached skill level 5 in Short Blades
  3830 | D:3      | Found a faded altar of an unknown god.
  3845 | D:3      | Noticed Ijyb
  3855 | D:3      | Killed Ijyb
  3980 | D:3      | Noticed Robin
  4004 | D:3      | Killed Robin
  4005 | D:3      | Reached XP level 6. HP: 25/37 MP: 6/6
  4372 | D:3      | Reached skill level 1 in Evocations
  4539 | D:3      | Found a runed translucent door.
  4542 | D:3      | Noticed Crazy Yiuf
  4864 | D:4      | You fall into a shaft and drop 2 floors!
  4941 | D:4      | Reached skill level 9 in Stealth
  5098 | D:4      | Found a shimmering altar of Xom.
  5438 | D:4      | Killed a black bear
  5439 | D:4      | Reached XP level 7. HP: 39/41 MP: 7/7
  6331 | D:5      | Found a broken altar of Ashenzari.
  6456 | D:5      | Reached skill level 10 in Stealth
  6456 | D:5      | Reached XP level 8. HP: 46/46 MP: 8/8
  6574 | D:5      | Found Vyovuf's Book Boutique.
  6655 | D:5      | Found a transporter.
  6655 | D:5      | Noticed Feb132020's ghost (amateur SpEn)
  6660 | D:5      | Found a transporter.
  6911 | D:5      | Identified the +9 hunting sling of Oenomania {flame, rElec
                  | rC- Dex+4}
  6958 | D:5      | Bought a book of Debilitation for 286 gold pieces
  6963 | D:5      | Learned a level 3 spell: Confusing Touch
  7411 | D:6      | Reached skill level 1 in Spellcasting
  7411 | D:6      | Reached skill level 1 in Hexes
  7675 | D:6      | Reached skill level 5 in Evocations
  7922 | D:6      | Reached XP level 9. HP: 51/51 MP: 11/13
  8310 | D:7      | Found a stormy altar of Qazlal.
  8515 | D:7      | Noticed a deep troll
  8519 | D:7      | Killed a deep troll
  8520 | D:7      | Reached skill level 5 in Hexes
  8520 | D:7      | Noticed a deep troll
  8522 | D:7      | Found the necklace of Bloodlust {*Rage +Rage Will++ Int-3
                  | Slay+6}
  8524 | D:7      | Killed a deep troll
  8558 | D:7      | Reached skill level 5 in Spellcasting
  8625 | D:7      | Found a shadowy altar of Dithmenos.
  8634 | D:7      | Became a worshipper of Dithmenos the Shadowed
  8673 | D:7      | Reached XP level 10. HP: 52/56 MP: 13/17
  8800 | D:7      | Learned a level 2 spell: Slow
  9674 | D:8      | Noticed a two-headed ogre
  9699 | D:8      | Killed a two-headed ogre
  9735 | D:8      | Found a glowing golden altar of the Shining One.
 10591 | D:8      | Found a hazy altar of Hepliaklqana.
 10774 | D:8      | Reached * piety under Dithmenos
 10775 | D:8      | Reached skill level 5 in Fighting
 10945 | D:8      | Reached skill level 5 in Dodging
 11005 | D:8      | Reached XP level 11. HP: 35/64 MP: 2/19
 11201 | D:8      | Found a staircase to the Lair.
 11735 | D:10     | Entered Level 10 of the Dungeon
 11837 | D:9      | Noticed a cyan ugly thing
 11875 | D:9      | Reached skill level 10 in Hexes
 12079 | D:9      | Found a shimmering blue altar of Sif Muna.
 12088 | D:9      | Got Sif Muna's Almanac of Dark Rites
 12095 | D:9      | Found a bloodstained altar of Trog.
 12158 | D:9      | Found a burning altar of Makhleb.
 12237 | D:9      | Identified the +1 trident of Callousness {flame, SInv}
 12249 | D:9      | Reached ** piety under Dithmenos
 12296 | D:9      | Noticed a two-headed ogre
 12777 | D:9      | Killed a two-headed ogre
 12951 | D:10     | Found a runed translucent gate.
 12951 | D:10     | Found a runed translucent gate.
 12952 | D:10     | Found a runed translucent gate.
 13225 | D:10     | Noticed Psyche
 13229 | D:10     | Killed Psyche
 13853 | D:11     | Noticed a manticore
 14073 | Lair:1   | Entered Level 1 of the Lair of Beasts
 14699 | Lair:1   | Reached XP level 12. HP: 70/70 MP: 20/20
 15228 | D:5      | Bought a book of Burglary for 364 gold pieces
 15235 | D:5      | Learned a level 6 spell: Invisibility
 15540 | Lair:2   | Noticed Urug
 15761 | Lair:2   | Killed Urug
 16182 | Lair:3   | Found a staircase to the Shoals.
 16380 | Lair:3   | Found a staircase to the Snake Pit.
 17094 | Lair:4   | Noticed Josephine
 17099 | Lair:4   | Killed Josephine
 17596 | Lair:4   | Reached *** piety under Dithmenos
 17655 | Lair:4   | Noticed a six-headed hydra
 17698 | Lair:3   | Reached XP level 13. HP: 54/74 MP: 20/24
 18369 | Lair:5   | Found a staircase to the Slime Pits.
 18369 | Lair:5   | Found a viscous altar of Jiyva.
 18453 | Lair:6   | Entered Level 6 of the Lair of Beasts
 18453 | Lair:6   | Noticed a catoblepas
 18466 | Lair:5   | Noticed a catoblepas
 18495 | Lair:5   | Noticed a four-headed hydra
 18768 | Lair:5   | Killed a four-headed hydra
 18769 | Lair:5   | Reached skill level 15 in Hexes
 18864 | Lair:5   | Identified 2 scrolls of acquirement
 18866 | Lair:5   | Acquired a +2 helmet of see invisible
 19151 | Lair:5   | You fall into a shaft and drop 1 floor!
 19238 | Lair:6   | Noticed an eight-headed hydra
 19990 | Lair:5   | Killed a catoblepas
 20250 | Lair:6   | Noticed a six-headed hydra
 20258 | Lair:6   | Killed a six-headed hydra
 20315 | Lair:6   | Reached **** piety under Dithmenos
 20757 | Lair:6   | Noticed a six-headed hydra
 20775 | Lair:6   | Killed a six-headed hydra
 21109 | Lair:6   | Reached skill level 10 in Spellcasting
 21307 | Lair:6   | Killed an eight-headed hydra
 21308 | Lair:6   | Reached skill level 1 in Invocations
 21308 | Lair:6   | Reached XP level 14. HP: 23/80 MP: 24/28
 21988 | Lair:6   | Reached skill level 10 in Short Blades
 21988 | Lair:6   | Reached skill level 5 in Invocations
 22010 | Lair:6   | Acquired a +5 quick blade
 22068 | Lair:6   | Reached ***** piety under Dithmenos
 23103 | D:10     | Noticed kthxbai's ghost (journeyman TrMo)
 23153 | D:10     | Learned a level 4 spell: Dispel Undead
 23637 | D:11     | Reached skill level 1 in Throwing
 23648 | D:11     | Reached skill level 1 in Necromancy
 25256 | D:12     | Found a staircase to the Orcish Mines.
 25869 | D:12     | Noticed Fannar
 25874 | D:12     | Killed Fannar
 26166 | D:12     | Noticed Azrael
 26169 | D:12     | Killed Azrael
 26170 | D:12     | Reached XP level 15. HP: 72/84 MP: 21/29
 26576 | D:13     | Reached skill level 5 in Throwing
 26655 | D:14     | Found a gate leading to a gauntlet.
 26662 | Gauntlet | Entered a Gauntlet
 26662 | Gauntlet | Found a transporter.
 26662 | Gauntlet | Found a transporter.
 26677 | Gauntlet | Found a transporter.
 26685 | Gauntlet | Found a transporter.
 26708 | Gauntlet | Found a transporter.
 26718 | Gauntlet | Found a transporter.
 26813 | Gauntlet | Found a transporter.
 26821 | Gauntlet | Found a transporter.
 26843 | Gauntlet | Found a transporter.
 26852 | Gauntlet | Found a transporter.
 26944 | Gauntlet | Found a transporter.
 26971 | Gauntlet | Found a transporter.
 26988 | Gauntlet | Found a transporter.
 26988 | Gauntlet | Found a transporter.
 27012 | Gauntlet | Found a transporter.
 27068 | Gauntlet | Found a transporter.
 27190 | Gauntlet | Reached skill level 5 in Necromancy
 27342 | Gauntlet | Identified the +0 pair of gloves of the Valley {Str+2}
 27809 | D:13     | Found a gate to the Vaults.
 27911 | D:13     | You fall into a shaft and drop 1 floor!
 28211 | D:13     | Noticed Snorg
 28215 | D:13     | Killed Snorg
 28227 | D:13     | Found a runed translucent gate.
 28228 | D:13     | Found a runed translucent gate.
 28228 | D:13     | Found an opulent altar of Gozag.
 28228 | D:13     | Found a runed translucent gate.
 28584 | D:14     | You fall into a shaft and drop 1 floor!
 28584 | D:15     | Entered Level 15 of the Dungeon
 28584 | D:15     | Found Aruil's Antique Weapon Shoppe.
 28738 | D:15     | Reached skill level 1 in Shields
 28771 | D:15     | Reached ****** piety under Dithmenos
 29017 | D:15     | Noticed Rupert
 29023 | D:15     | Paralysed by Rupert for 5 turns
 29034 | D:15     | Found a staircase to the Depths.
 29034 | D:15     | Noticed a stone giant
 29048 | D:15     | Killed Rupert
 29055 | D:15     | Killed a stone giant
 29311 | D:14     | You fall into a shaft and drop 1 floor!
 29657 | D:14     | Reached skill level 5 in Shields
 29710 | D:14     | Reached XP level 16. HP: 88/88 MP: 26/30
 30469 | D:3      | Killed Crazy Yiuf
 30586 | D:5      | Killed Feb132020's ghost
 30960 | D:10     | Killed kthxbai's ghost
 31420 | Orc:1    | Entered Level 1 of the Orcish Mines
 31712 | Orc:2    | Entered Level 2 of the Orcish Mines
 32348 | Orc:1    | Found Xaegem's Armour Shop.
 32581 | Orc:2    | Found a staircase to the Elven Halls.
 32638 | Orc:2    | Reached skill level 11 in Stealth
 33304 | Orc:2    | Found Rivubucs's Distillery.
 33309 | Orc:2    | Found Zukitaidgh's Weapon Boutique.
 33310 | Orc:2    | Found Fuqupp's Assorted Antiques.
 33311 | Orc:2    | Found Hoxu's Jewellery Shop.
 33541 | Orc:2    | Bought an encrusted ivory ring for 190 gold pieces
 33541 | Orc:2    | Bought a ruby ring for 190 gold pieces
 33551 | Orc:2    | Bought a twisted diamond ring for 190 gold pieces
 33563 | Orc:2    | Bought a potion of curing for 45 gold pieces
 33625 | Orc:1    | Bought the +5 robe of Night {Dark Will+ SInv} for 960 gold
                  | pieces
 33625 | Orc:1    | Found the +5 robe of Night {Dark Will+ SInv}
 33920 | Snake:1  | Entered Level 1 of the Snake Pit
 34169 | Shoals:1 | Entered Level 1 of the Shoals
 34438 | Shoals:1 | Found Laedec's Antique Weapon Boutique.
 34802 | Shoals:1 | Reached skill level 12 in Stealth
 35656 | Shoals:3 | Noticed Ilsuiw
 35687 | Shoals:3 | Killed Ilsuiw
 36373 | Shoals:2 | Noticed a titan
 36376 | Shoals:2 | Killed a titan
 36377 | Shoals:2 | Reached skill level 13 in Stealth
 36377 | Shoals:2 | Reached XP level 17. HP: 100/100 MP: 31/31
 36460 | Shoals:2 | Noticed Polyphemus
 36464 | Shoals:2 | Killed Polyphemus
 37079 | Shoals:2 | Learned a level 3 spell: Tukima's Dance
 37233 | Shoals:3 | Gained mutation: You occasionally shout uncontrollably at
                  | your foes. [mutagenic glow]
 37243 | Shoals:3 | Reached skill level 10 in Fighting
 37362 | Shoals:3 | Reached skill level 14 in Stealth
 37975 | Shoals:3 | Noticed Bai Suzhen
 39051 | Shoals:3 | Killed Bai Suzhen
 39052 | Shoals:3 | Reached skill level 10 in Dodging
 39138 | Shoals:4 | Entered Level 4 of the Shoals
 39218 | Shoals:4 | Learned a level 5 spell: Irradiate
 39357 | Shoals:4 | Reached skill level 1 in Conjurations
 39365 | Shoals:4 | Reached skill level 1 in Transmutations
 39666 | Shoals:4 | Reached XP level 18. HP: 107/107 MP: 32/32
 39888 | Shoals:4 | Found a runed translucent door.
 40535 | Shoals:4 | Reached skill level 5 in Transmutations
 40608 | Shoals:4 | Reached skill level 5 in Conjurations
 40696 | Shoals:4 | Identified the +10 fustibalus of Balance {vorpal, rPois
                  | Will+}
 40757 | Shoals:4 | Got a barnacled rune of Zot
 41304 | Shoals:4 | Found a corrupted altar of Lugonu.
 41314 | Shoals:4 | Found a one-way gate to the infinite horrors of the Abyss.
 41540 | D:15     | Identified the +5 ring mail "Liborgh" {rElec rPois rCorr
                  | Str-3}
 41608 | Vaults:1 | Entered Level 1 of the Vaults
 42115 | Vaults:1 | Identified the +3 leather armour of Gokhoug {Int+3 Dex+4}
 43041 | Vaults:1 | You fall into a shaft and drop 1 floor!
 43779 | Vaults:2 | Lost mutation: You occasionally shout uncontrollably at
                  | your foes. [potion of mutation]
 43779 | Vaults:2 | Gained mutation: You tend to lose your temper in combat.
                  | [potion of mutation]
 43779 | Vaults:2 | Gained mutation: You have a somewhat thin skeletal
                  | structure. (Dex +2, Stealth+) [potion of mutation]
 43831 | Vaults:2 | Identified the -10 kite shield of Lilacs {*Slow rC++ Dex+5}
 43831 | Vaults:2 | Noticed Donald
 43867 | Vaults:2 | Killed Donald
 43950 | Vaults:2 | You fall into a shaft and drop 1 floor!
 44043 | Vaults:3 | Reached XP level 19. HP: 102/112 MP: 18/33
 44497 | Vaults:3 | Found a staircase to the Crypt.
 44497 | Vaults:3 | Found an ancient bone altar of Kikubaaqudgha.
 44497 | Vaults:3 | Found a basalt altar of Yredelemnul.
 45907 | Vaults:4 | Reached skill level 10 in Conjurations
 45907 | Vaults:4 | Reached skill level 10 in Necromancy
 45907 | Vaults:4 | Reached skill level 10 in Transmutations
 46192 | Vaults:4 | Got the Papyrus of Arcane Weapons and Stones
 46714 | Vaults:4 | Got The Arcane Secrets of Witchery
 46877 | Vaults:4 | Reached XP level 20. HP: 117/117 MP: 28/34
 47833 | Vaults:5 | Entered Level 5 of the Vaults
 48250 | Vaults:2 | Reached skill level 15 in Stealth
 48504 | Vaults:2 | Reached skill level 15 in Short Blades
 49000 | Vaults:2 | Reached skill level 10 in Throwing
 49296 | Vaults:2 | Identified the +12 whip of War {vorpal, rN+ Str-5 Dex+3
                  | Stlth+}
 49360 | Vaults:2 | Lost mutation: You tend to lose your temper in combat.
                  | [potion of mutation]
 49360 | Vaults:2 | Lost mutation: You have a somewhat thin skeletal structure.
                  | (Dex +2, Stealth+) [potion of mutation]
 49360 | Vaults:2 | Gained mutation: You expend magic power (3 MP) to
                  | strengthen your wands. [potion of mutation]
 49360 | Vaults:2 | Gained mutation: You have sharp toenails. [potion of
                  | mutation]
 49360 | Vaults:2 | Gained mutation: You have a pair of small antennae on your
                  | head. [potion of mutation]
 49360 | Vaults:2 | Gained mutation: You are covered in fur. (AC +1) [potion of
                  | mutation]
 50439 | Snake:1  | Reached skill level 16 in Stealth
 51060 | Snake:2  | Noticed Vashnia
 51063 | Snake:2  | Reached XP level 21. HP: 122/122 MP: 35/35
 51070 | Snake:2  | Killed Vashnia
 51961 | Snake:2  | Noticed Asterion
 51964 | Snake:2  | Killed Asterion
 53377 | Snake:3  | Identified the +2 leather armour of Insecurity {+Inv rC+}
 53499 | Snake:3  | Reached XP level 22. HP: 127/127 MP: 37/37
 53571 | Snake:3  | Got the Compendium of the Damaging Frostbite
 53604 | Snake:3  | Found Qucoir's Assorted Antiques.
 53604 | Snake:3  | Found Winkeyst's Jewellery Shoppe.
 53608 | Snake:3  | Found Cetiep's Distillery.
 54137 | Snake:4  | Entered Level 4 of the Snake Pit
 54398 | Snake:4  | Found an ancient bone altar of Kikubaaqudgha.
 54581 | Snake:4  | Noticed Aizul
 54584 | Snake:4  | Killed Aizul
 56124 | Snake:4  | Got a serpentine rune of Zot
 56462 | Elf:1    | Entered Level 1 of the Elven Halls
 56466 | Elf:1    | Paralysed by an air elemental for 1 turns
 56519 | Elf:1    | Reached XP level 23. HP: 132/132 MP: 33/39
 56937 | Elf:1    | Noticed Roxanne
 56949 | Elf:1    | Killed Roxanne
 56950 | Elf:1    | Reached skill level 15 in Throwing
 57193 | Elf:1    | Identified the +5 scale mail of Kusur {Rampage Slay-6
                  | Stlth+}
 57928 | Elf:2    | Reached skill level 1 in Earth Magic
 58047 | Elf:2    | Paralysed by an air elemental for 1 turns
 58091 | Elf:2    | Learned a level 6 spell: Statue Form
 58465 | Elf:2    | Found a runed translucent gate.
 58465 | Elf:2    | Found a runed translucent gate.
 58465 | Elf:2    | Found a runed translucent gate.
 58694 | Elf:2    | Reached skill level 5 in Earth Magic
 58904 | Elf:2    | Noticed Jorgrun
 58911 | Elf:2    | Killed Jorgrun
 59057 | Elf:2    | Noticed Agnes
 59065 | Elf:2    | Killed Agnes
 59470 | Elf:2    | Learned a level 2 spell: Passwall
 59473 | Elf:3    | Entered Level 3 of the Elven Halls
 59855 | Elf:3    | Found Huqak's Armour Boutique.
 60020 | Elf:3    | Reached skill level 10 in Earth Magic
 60038 | Elf:3    | Reached XP level 24. HP: 71/137 MP: 31/39
 60058 | Elf:3    | Identified the +6 falchion "Conservator" {venom, Str+4
                  | Stlth+}
 60615 | Elf:3    | Acquired 965 gold pieces
 60708 | Elf:3    | Identified the +7 trident of Olijebro {vorpal, *Corrode
                  | MP+9 Int+9}
 60823 | Elf:3    | Got the Reference Book on Black Rites
 60920 | Elf:3    | Identified the amulet "Jelus" {RegenMP Fly Slay+2}
 61339 | Elf:3    | Identified the +8 plate armour of Mental Paralysis {Harm}
 61408 | Elf:3    | Identified the amulet of Zaxet {Fly rF+ Regen+ Str-5}
 61840 | Crypt:1  | Entered Level 1 of the Crypt
 62392 | Crypt:1  | Learned a level 3 spell: Dazzling Flash
 62801 | Depths:1 | Entered Level 1 of the Depths
 63176 | Depths:1 | Found a runed translucent door.
 63179 | Depths:1 | Found a radiant altar of Vehumet.
 63179 | Depths:1 | Noticed an ancient lich
 63209 | Depths:1 | Killed an ancient lich
 63259 | Depths:1 | Got the Disquisition on Attacks
 63299 | Depths:1 | Found a gateway to a ziggurat.
 64191 | Depths:1 | Found a gateway to Hell.
 64287 | Depths:1 | Noticed Louise
 64290 | Depths:1 | Killed Louise
 64300 | Depths:1 | Acquired 802 gold pieces
 64357 | Depths:1 | Reached XP level 25. HP: 141/141 MP: 40/40
 65062 | Depths:2 | Found a hide-covered altar of Uskayaw.
 65645 | Depths:2 | You are sucked into a shaft and drop 2 floors!
 65831 | Depths:2 | Found a one-way gate leading to the halls of Pandemonium.
 66249 | Depths:2 | Identified the +9 long sword "Muoreh" {freeze, Int+5}
 66266 | Depths:2 | Learned a level 5 spell: Borgnjor's Vile Clutch
 66369 | Depths:3 | Noticed a juggernaut
 66373 | Depths:3 | Killed a juggernaut
 68270 | Depths:3 | Reached XP level 26. HP: 147/147 MP: 38/41
 68287 | Depths:3 | Reached skill level 17 in Stealth
 68606 | Depths:3 | Got the Reference Book on Slavery and the Birds
 68761 | Depths:3 | Learned a level 5 spell: Yara's Violent Unravelling
 68920 | Depths:3 | Identified the +4 glaive "Okoit" {flame, Will+ Dex+2}
 69354 | Depths:3 | Acquired a book of the Moon
 69784 | Depths:5 | Entered Level 5 of the Depths
 69844 | Depths:4 | Found a sacrificial altar of Ru.
 70405 | Depths:4 | Reached skill level 18 in Stealth
 70830 | Depths:4 | Noticed a juggernaut
 70887 | Depths:4 | Killed a juggernaut
 71323 | Depths:4 | Reached skill level 19 in Stealth
 71504 | Depths:4 | Noticed a juggernaut
 71522 | Depths:4 | Killed a juggernaut
 71523 | Depths:4 | Reached XP level 27. HP: 51/152 MP: 34/41
 71871 | Depths:4 | Identified the +5 ring mail "Syhon" {rF+ rN+}
 72677 | Depths:5 | Found a blossoming altar of Fedhas.
 72802 | Depths:5 | Noticed the Enchantress
 72995 | Depths:5 | Killed the Enchantress
 73283 | Depths:5 | Found a portal to a secret trove of treasure.
 73606 | Depths:5 | Found the +27 Lear's hauberk
 73612 | Depths:5 | Identified the ring of Qosuiv {rPois Dex+3 SInv}
 73614 | Depths:5 | Reached skill level 20 in Stealth
 74259 | Depths:5 | Gained mutation: You are covered in thick fur. (AC +2)
                  | [mutagenic glow]
 74335 | Depths:5 | Found a gate to the Realm of Zot.
 74565 | Depths:5 | Acquired 1107 gold pieces
 74857 | Orc:2    | Bought a potion of haste for 150 gold pieces
 74857 | Orc:2    | Bought a potion of might for 60 gold pieces
 74857 | Orc:2    | Bought a potion of resistance for 150 gold pieces
 74857 | Orc:2    | Bought 2 potions of heal wounds for 150 gold pieces
 74857 | Orc:2    | Bought a potion of ambrosia for 120 gold pieces
 74859 | Orc:2    | Bought a scroll of teleportation for 114 gold pieces
 74859 | Orc:2    | Bought a scroll of magic mapping for 133 gold pieces
 75068 | Snake:3  | Bought a potion of might for 60 gold pieces
 75068 | Snake:3  | Bought a potion of curing for 45 gold pieces
 75068 | Snake:3  | Bought a potion of might for 60 gold pieces
 75068 | Snake:3  | Bought a potion of curing for 45 gold pieces
 75068 | Snake:3  | Bought a potion of resistance for 150 gold pieces
 75068 | Snake:3  | Bought a potion of curing for 45 gold pieces
 75068 | Snake:3  | Bought a potion of mutation for 120 gold pieces
 75072 | Snake:3  | Bought a potion of curing for 81 gold pieces
 75072 | Snake:3  | Bought a potion of curing for 81 gold pieces
 75072 | Snake:3  | Bought a scroll of teleportation for 81 gold pieces
 75384 | Depths:5 | You paid a toll of 3 potions of resistance to enter a
                  | treasure trove
 75385 | Trove    | Entered a treasure trove
 75396 | Trove    | Found the +2 cloak of the Thief {*Fog Slay-2 SInv Stlth+}
 75411 | Trove    | Identified the +1 scale mail of Snakes and Ladders {+Inv
                  | rN++ Int-2 Stlth+}
 75423 | Trove    | Identified the +0 pair of gloves of Polish {rF+ MP+9 SInv}
 75425 | Trove    | Identified the +4 plate armour of Immorality {Harm rF+}
 75426 | Trove    | Identified the +2 pair of boots of Amoon {Rampage}
 75441 | Trove    | Identified the +0 scale mail "Plog" {Harm Int+4}
 75735 | D:13     | Noticed Mandevil's ghost (adept TrAM)
 75788 | D:13     | Killed Mandevil's ghost
 76986 | Crypt:2  | Noticed Khufu
 76987 | Crypt:2  | Noticed a royal mummy
 77135 | Crypt:3  | Entered Level 3 of the Crypt
 77588 | Crypt:2  | Noticed Xtahua
 77597 | Crypt:2  | Killed Xtahua
 78367 | Crypt:2  | Killed Khufu
 78452 | Crypt:2  | Killed a royal mummy
 79003 | Crypt:3  | Noticed Saint Roka
 79005 | Crypt:3  | Killed Saint Roka
 79596 | Crypt:3  | Noticed an ancient lich
 79597 | Crypt:3  | Killed an ancient lich
 79741 | Crypt:3  | Gained mutation: Your body sometimes deteriorates upon
                  | taking damage. [mutagenic glow]
 79954 | Crypt:3  | Gained mutation: Potions are less effective at restoring
                  | your health. [mutagenic glow]
 80871 | Crypt:3  | Noticed Mennas
 80873 | Crypt:3  | Killed Mennas
 81383 | Crypt:3  | Found a staircase to the Tomb.
 81402 | Crypt:3  | Noticed an ancient lich
 81404 | Crypt:3  | Killed an ancient lich
 81972 | Tomb:1   | Entered Level 1 of the Tomb of the Ancients
 82355 | Vaults:5 | Noticed an ancient lich
 82364 | Vaults:5 | Killed an ancient lich
 83001 | Vaults:5 | Identified the +8 shortbow of the People {vorpal, rN+}
 83068 | Vaults:5 | Got the Disquisition on Attacks and the Voyage
 83178 | Vaults:5 | Identified the +3 ring mail of Qych {Str+6 Slay-2}
 83299 | Vaults:5 | Identified the +4 mace of the Absolute Madman {vorpal, rC+
                  | Int+7}
 83396 | Vaults:5 | Reached skill level 15 in Dodging
 83537 | Vaults:5 | Identified the +5 rapier "Liho" {vorpal, rElec}
 83945 | Vaults:5 | Reached skill level 15 in Fighting
 84527 | Vaults:5 | Noticed a dread lich
 84535 | Vaults:5 | Killed a dread lich
 84795 | Vaults:5 | Got a silver rune of Zot
 84985 | Vaults:5 | Identified the +6 dagger "Iloekhes" {flame, rF+ Str-4
                  | Int+2}
 85006 | Vaults:5 | Noticed a dread lich
 85009 | Vaults:5 | Killed a dread lich
 85632 | Vaults:5 | Identified the +0 swamp dragon scales of Plog {rPois rC+
                  | rCorr Str+5}
 86797 | Zot:1    | Entered Level 1 of the Realm of Zot
 87199 | Zot:1    | Learned a level 2 spell: Blink
 87217 | Zot:2    | Reached skill level 1 in Translocations
 87753 | Zot:4    | Reached skill level 5 in Translocations
 88282 | Zot:4    | Reached skill level 21 in Stealth
 88392 | Zot:5    | Entered Level 5 of the Realm of Zot
 88515 | Zot:5    | Identified the +11 dagger of Cel Nusitya {protect, rF+ rC+
                  | Int+2}
 88705 | Zot:5    | Reached skill level 10 in Invocations
 88730 | Zot:5    | Noticed an orb of fire
 90131 | Zot:2    | Found a burning altar of Makhleb.
 90622 | Zot:1    | Reached skill level 22 in Stealth
 91271 | Zot:2    | Noticed a Killer Klown
 91285 | Zot:2    | Killed a Killer Klown
 91575 | Zot:2    | Noticed an orb of fire
 91578 | Zot:2    | Killed an orb of fire
 91579 | Zot:2    | Reached skill level 23 in Stealth
 93312 | Zot:5    | Reached skill level 24 in Stealth
 93380 | Zot:5    | Gained mutation: You are weak. (Str -2) [an orb of fire]
 93392 | Zot:5    | Killed an orb of fire
 93581 | Zot:5    | Noticed an orb of fire
 93605 | Zot:5    | Gained mutation: You tend to lose your temper in combat.
                  | [an orb of fire]
 93854 | Zot:5    | Gained mutation: You sometimes lose the ability to read
                  | scrolls when taking damage. [an orb of fire]
 93862 | Zot:5    | Gained mutation: Your magical capacity is low. (-10% MP)
                  | [an orb of fire]
 93863 | Zot:5    | Killed an orb of fire
 93865 | Zot:5    | Lost mutation: You sometimes lose the ability to read
                  | scrolls when taking damage. [potion of mutation]
 93865 | Zot:5    | Lost mutation: You are covered in thick fur. (AC +2)
                  | [potion of mutation]
 93865 | Zot:5    | Lost mutation: Your magical capacity is low. (-10% MP)
                  | [potion of mutation]
 93865 | Zot:5    | Gained mutation: Your system is resistant to poisons.
                  | (rPois) [potion of mutation]
 93865 | Zot:5    | Gained mutation: You are partially covered in iridescent
                  | scales. (AC +2) [potion of mutation]
 93865 | Zot:5    | Noticed a dread lich
 93895 | Zot:5    | Killed a dread lich
 93921 | Zot:5    | Lost mutation: You have sharp toenails. [potion of
                  | mutation]
 93921 | Zot:5    | Lost mutation: You are weak. (Str -2) [potion of mutation]
 94047 | Zot:5    | Noticed a Killer Klown
 94068 | Zot:5    | Killed a Killer Klown
 94148 | Zot:5    | Noticed a dread lich
 94152 | Zot:5    | Killed a dread lich
 94153 | Zot:5    | Noticed an ancient lich
 94195 | Zot:5    | Killed an ancient lich
 94196 | Zot:5    | Reached skill level 25 in Stealth
 94206 | Zot:5    | Gained mutation: Armour fits poorly on your strangely
                  | shaped body. [mutagenic glow]
 94241 | Zot:5    | Gained mutation: You are frail. (-10% HP) [mutagenic glow]
 94427 | Zot:5    | Noticed a Killer Klown
 94432 | Zot:5    | Killed a Killer Klown
 94560 | Zot:5    | Noticed a dread lich
 94567 | Zot:5    | Killed a dread lich
 94832 | Zot:5    | Noticed an orb of fire
 94860 | Zot:5    | Gained mutation: You are very frail. (-20% HP) [an orb of
                  | fire]
 94870 | Zot:5    | Gained mutation: Your body often deteriorates upon taking
                  | damage. [an orb of fire]
 94871 | Zot:5    | Noticed an ancient lich
 94876 | Zot:5    | Gained mutation: Your spells are a little easier to cast,
                  | but a little less powerful. [an orb of fire]
 94877 | Zot:5    | Killed an orb of fire
 94879 | Zot:5    | Noticed a dread lich
 94895 | Zot:5    | Killed an ancient lich
 94910 | Zot:5    | Killed a dread lich
 94911 | Zot:5    | Reached skill level 26 in Stealth
 94972 | Zot:5    | Learned a level 5 spell: Silence
 95072 | Zot:5    | Noticed a Killer Klown
 95078 | Zot:5    | Killed a Killer Klown
 95116 | Zot:5    | Noticed an orb of fire
 95175 | Zot:5    | Gained mutation: Your magical capacity is low. (-10% MP)
                  | [an orb of fire]
 95179 | Zot:5    | Killed an orb of fire
 95312 | Zot:5    | Reached skill level 5 in Air Magic
 95588 | Zot:5    | Noticed an ancient lich
 95596 | Zot:5    | Killed an ancient lich
 95751 | Zot:5    | Got the Orb of Zot
 96065 | Depths:4 | Noticed Baludoij the pandemonium lord
 96416 | D:$      | Escaped with the Orb!

Illustrated notes

Levels and vault maps discovered:
D:1:      mrwooster_arrival_statue, layout_basic, lexackson_kobold_supper
D:2:      layout_basic, minmay_misc_feat_encased, minmay_diced_spiral
D:3:      layout_loops_corners, ebering_ecumenical_altar_sacrificial,
          minmay_quantized, uniq_robin, uniq_crazy_yiuf_cottage, uniq_ijyb
D:4:      layout_gridville, kennysheep_mini, minmay_temple_entry_mist,
          hangedman_abyss_or_decor_slice
D:5:      layout_layer_cave, nicolae_ashenzari_panopticon, serial_shops,
          nicolae_shop_trees, gammafunk_ghost_mausoleum
D:6:      old_forge, layout_basic
D:7:      lemuel_ice_spiral_2, layout_basic,
          nicolae_dithmenos_through_a_glass_darkly,
          nicolae_qazlal_scattered_showers, nrook_loot_triangle,
          hellmonk_guarded_unrand_vitality_bloodlust
D:8:      layout_layer_cave, nicolae_tso_swordbearing_angel, lemuel_tele_altar,
          minmay_lair_entry_grove, special_room [special_room_orc],
          serial_glass, glass_columns_a, glass_columns_c, glass_columns_a,
          minmay_misc_feat_tower
D:9:      layout_gridville, nzn_overflow_gifts_of_might_and_magic,
          old_standard_altar, minmay_increasing_density
D:10:     layout_loops_cross, gammafunk_ghost_spectres, uniq_psyche
D:11:     layout_rooms, bh_walls_and_bars
D:12:     layout_stronghold, minmay_orc_entry_temple_small, uniq_azrael,
          uniq_fannar
D:13:     layout_rooms, erik_vaults_1, serial_curves, eino_curves_03,
          eino_curves_03, ebering_ghost_gozag, uniq_snorg
D:14:     layout_roguey, gauntlet_entry_generic
D:15:     grunt_enter_depths_giant_problem, layout_basic,
          minmay_stone_trees_small, serial_shops, shop, uniq_rupert
Temple:   cyrus_circular_temple
Lair:1:   layout_regular_city, grunt_megastairs_2
Lair:2:   dpeg_oklob_gauntlet, layout_chaotic_city, uniq_urug
Lair:3:   layout_gridlike, shoals_dummy_entry, dummy_snake_entry
Lair:4:   layout_roguey, bobbens_ice_dragon_lair, uniq_josephine
Lair:5:   layout_layer_cave, slime_altar_1, lemuel_fruit_fields,
          infiniplex_staircase_pool_2
Lair:6:   minmay_lair_end_frog_pond, layout_gridlike, serial_bayou_shore_a,
          grunt_megastairs_5
Shoals:1: layout_shoals, serial_shops, nicolae_shop_waterfront
Shoals:2: cheibrodos_shoals_gigantism, layout_shoals,
          nicolae_shoals_wave_tunnel, uniq_polyphemus
Shoals:3: layout_shoals, uniq_ilsuiw, uniq_bai_suzhen
Shoals:4: shoals_end_grunt_ice, layout_shoals, abandoned_shop,
          nicolae_shoals_abyss_on_the_beach
Snake:1:  layout_misc_corridors
Snake:2:  layout_cave_town, uniq_vashnia, uniq_asterion
Snake:3:  layout_onion, nicolae_snake_bzzzt, minmay_shop_star
Snake:4:  hellmonk_snake_rune_quicksilver_temple, layout_misc_corridors,
          basic_altar, uniq_aizul
Orc:1:    layout_caves, basic_altar, serial_shops, nicolae_shop_stone
Orc:2:    st_orc_mages, layout_caves, basic_altar
Elf:1:    minmay_elf_arrival_plus, layout_gridlike, minivault_28, uniq_roxanne
Elf:2:    elven_hall_of_blades_hangedman_original
          [nicolae_blade_entry_hurt_lockers], layout_rooms, uniq_agnes,
          uniq_jorgrun
Elf:3:    grunt_elf_hall_branching, layout_rooms, serial_shops,
          nicolae_lakefront_shop, minmay_elf_necromancy
Vaults:1: vaults_standard_mumra_enter_the_diamond, ontoclasm_vaults_eye,
          hangedman_vaults_river_flow, ontoclasm_vaults_bender,
          nicolae_vaults_shelves_hall, layout_vaults_omnigrid
Vaults:2: vaults_room_fancy_cross, dpeg_vaults_monster_row,
          nicolae_vaults_network_quincunx
          [nicolae_vaults_network_quincunx_subvault,
          nicolae_vaults_network_quincunx_subvault,
          nicolae_vaults_network_quincunx_subvault,
          nicolae_vaults_network_quincunx_subvault,
          nicolae_vaults_network_quincunx_subvault], v_misc_13,
          vaults_dpeg_diagonal, nicolae_vaults_alarming, ontoclasm_vaults_chip,
          vaults_room_grid, v_misc_32, nicolae_vaults_little_squares_1,
          v_misc_19, nicolae_vaults_little_ls, ontoclasm_vaults_twist,
          layout_vaults_omnibox, uniq_donald
Vaults:3: v_misc_12, minmay_crypt_entry_necro_gods, st_lines,
          nicolae_vaults_bisected_inception, grunt_vaults_funnel,
          vaults_room_large_hall, nicolae_vaults_what_the_h,
          nicolae_vaults_yaktaur_gun_rack, grunt_vaults_diagonal,
          vaults_room_pools, nicolae_vaults_sealed_display, vaults_room_fours,
          layout_vaults_ring
Vaults:4: nicolae_vaults_halls_meeting, v_misc_33, vaults_room_semicircle,
          v_misc_4, nicolae_vaults_windows_and_doors_thing,
          ontoclasm_vaults_spin, vaults_room_door_ring, vaults_dpeg_spiral,
          nicolae_vaults_shelves_hall, ontoclasm_vaults_chip,
          nicolae_vaults_asterisk, layout_vaults_big_room
Vaults:5
Crypt:1:  layout_regular_city, wad_floor_pattern_untrapped
Crypt:2:  layout_regular_city, minivault_19, uniq_khufu, uniq_xtahua
Crypt:3:  quadcrypt_mu, uniq_mennas, uniq_saint_roka
Tomb:1
Depths:1: layout_cave_shapes, enter_ziggurat_e, hangedman_coc_ice_floe,
          nicolae_abyss_entry_one_way_or_another, grunt_decor_arrowhead,
          grunt_absolute_annihilation
Depths:2: kennysheep_oblong_rooms, layout_small_grid,
          nicolae_uskayaw_dance_hall, grunt_pan_entry_zigzag, hell_entry
Depths:3: hangedman_six_sided_sadism, layout_cave_shapes, hell_entry,
          minmay_room_of_horrors, pan_entry, serial_sigils_hangedman_shear,
          grunt_ministairs_6, ebering_dispersal_statue_hall
Depths:4: lemuel_castle_with_subvaults [lemuel_castle_interior_carwin_1],
          layout_long_grid, abyss_entry, kennysheep_cross_bottleneck,
          hellmouth_1, minmay_misc_feat_x, nicolae_ru_sacrificial_ziggurat
Depths:5: grunt_zot_entry_hairpin, layout_gridlike, solitary_fountain,
          abyss_entry, trove_entry_hex_spiral, lightli_too_deep, fedhas_altar_4,
          uniq_enchantress
Zot:1:    kennysheep_spiral_hall, layout_cellular_growth, nicolae_lava_and_water
Zot:2:    nicolae_zot_draconian_monastery, layout_misc_corridors
Zot:3:    layout_gridlike
Zot:4:    lemuel_acid_trip, layout_cathedral_of_symmetry
Zot:5:    layout_misc_corridors

Skill      XL: |  1  2  3  4  5  6  7  8  9 10 11 12 13 14 15 16 17 18 19 20 21 22 23 24 25 26 27 |
---------------+----------------------------------------------------------------------------------+-----
Short Blades   | 3 4 5 6 7 8 10 12 14 15 16 18 25 | 25.2
Stealth        | 7 8 9 10 13 14 16 19 26 | 26.0
Evocations     | 2 3 5 6 7 8 9 |  9.0
Spellcasting   | 2 5 7 10 11 12 13 14 | 14.0
Hexes          | 4 7 9 12 14 16 | 16.0
Dodging        | 5 6 10 17 | 17.2
Fighting       | 5 6 9 10 18 | 18.7
Invocations    | 1 8 14 | 14.0
Throwing       | 4 8 10 12 14 16 18 20 | 20.0
Necromancy     | 4 8 10 | 10.0
Shields        | 5 |  5.6
Conjurations   | 2 8 10 11 | 11.0
Transmutations | 2 8 10 11 13 14 | 14.0
Earth Magic    | 10 12 14 | 14.0
Translocations | 5 |  5.0
Air Magic      | 6 |  6.0

Action                   |  1- 3 |  4- 6 |  7- 9 | 10-12 | 13-15 | 16-18 | 19-21 | 22-24 | 25-27 || total
-------------------------+-------+-------+-------+-------+-------+-------+-------+-------+-------++-------
Melee: Short sword       |    76 |     7 |       |       |       |       |       |       |       ||    83
       Dagger            |       |   140 |    98 |   439 |   512 |       |       |       |       ||  1189
       Quick blade       |       |       |       |       |   401 |  1494 |  1016 |   970 |  1627 ||  5508
       Kick              |       |       |       |       |       |       |       |       |   105 ||   105
       Rapier            |       |       |       |       |       |       |       |       |   992 ||   992
Throw: Throwing net      |       |       |       |       |     1 |     1 |     1 |     5 |     5 ||    13
       Dart              |       |       |       |       |     1 |       |       |    32 |    99 ||   132
       Boomerang         |       |       |       |       |       |     1 |       |       |     5 ||     6
 Cast: Confusing Touch   |       |       |     2 |    77 |    58 |   113 |    94 |    21 |    92 ||   457
       Invisibility      |       |       |       |       |    51 |    36 |    20 |    31 |    94 ||   232
       Tukima's Dance    |       |       |       |       |       |     4 |    51 |    10 |    48 ||   113
       Irradiate         |       |       |       |       |       |       |     7 |     9 |    20 ||    36
       Dazzling Flash    |       |       |       |       |       |       |       |     8 |   103 ||   111
       Dispel Undead     |       |       |       |       |       |       |       |     7 |    76 ||    83
       Statue Form       |       |       |       |       |       |       |       |     1 |    25 ||    26
       Borgnjor's Vile C |       |       |       |       |       |       |       |       |    67 ||    67
       Passwall          |       |       |       |       |       |       |       |       |     4 ||     4
Invok: Shadow Step       |       |       |       |       |     1 |     1 |     1 |       |       ||     3
       Shadow Form       |       |       |       |       |       |     1 |       |     1 |     3 ||     5
 Abil: End Transformatio |       |       |       |       |       |     1 |       |     1 |    12 ||    14
Evoke: Wand              |       |       |     3 |     5 |    10 |    20 |     1 |       |     5 ||    44
       Box of beasts     |       |       |       |       |       |       |       |       |     1 ||     1
       Phantom mirror    |       |       |       |       |       |       |       |       |     1 ||     1
  Use: Scroll            |     2 |     3 |     4 |    11 |    13 |    19 |     1 |     4 |    29 ||    86
       Potion            |       |       |       |     1 |    11 |     5 |     2 |     3 |    21 ||    43
 Stab: Sleeping          |    19 |    22 |    15 |    46 |    79 |    85 |   125 |   139 |   327 ||   857
       Distracted        |       |     1 |     2 |     3 |     1 |    12 |     7 |    13 |    38 ||    77
       Paralysed         |       |       |     2 |     3 |     1 |       |       |       |       ||     6
       Confused          |       |       |     2 |    61 |    51 |   120 |    93 |    16 |   101 ||   444
       Invisible         |       |       |       |       |   141 |   177 |    50 |   121 |   326 ||   815
       Petrified         |       |       |       |       |     1 |       |       |       |       ||     1
       Held in net/web   |       |       |       |       |       |     1 |     3 |     5 |     3 ||    12
Armor: Leather armour    |    16 |    34 |    33 |    96 |   169 |    41 |       |       |       ||   389
       Robe              |       |       |       |       |       |   132 |   104 |    60 |   227 ||   523
       Skin              |       |       |       |       |       |       |       |       |    89 ||    89
Dodge: Dodged            |    50 |    73 |    43 |   280 |   587 |   543 |   370 |   246 |  1276 ||  3468
Block: Buckler           |       |       |       |       |    44 |   223 |   213 |   199 |   679 ||  1358
       Reflection        |       |       |       |       |       |       |    10 |    17 |       ||    27
